 Dungeon Crawl Stone Soup version 0.30-a0-591-g3c58d2bc28 (webtiles) character file.

Game seed: 8145302676949616685

63972 cforsyth the Earth Mage (level 15, -6/95 HPs)
             Began as a Gargoyle Earth Elementalist on Jan 5, 2023.
             Was a High Priest of Vehumet.
             Killed by divine providence
             ... invoked by Saint Roka
              (13 damage)
             ... on level 2 of the Orcish Mines.
             The game lasted 01:01:53 (32584 turns).

cforsyth the Earth Mage (GrEE)                     Turns: 32584, Time: 01:01:54

Health: -6/95      AC: 24    Str: 14    XL:     15   Next: 11%
Magic:  19/40      EV: 14    Int: 24    God:    Vehumet [*****.]
Gold:   2801       SH:  6    Dex: 10    Spells: 20/38 levels left

rFire   + . .      SeeInvis .    Q - +8 mace "Anwijeu" {venom, rC+ Int+3}
rCold   + + .      Faith    .    l - +2 buckler
rNeg    + + +      Spirit   .    X - +1 leather armour {rC+ rF+}
rPois   ∞          Reflect  .    W - +2 helmet of Midnight {Contam rN++}
rElec   +          Harm     .    O - +2 cloak {Stlth+}
rCorr   .          Rampage  .    D - +0 pair of gloves
Will    ++...                    u - +0 pair of boots
Stlth   +++                      R - amulet of regeneration
HPRegen 1.15/turn                t - ring of magical power
MPRegen 0.27/turn                g - ring of willpower

@: flying, studying Ice Magic
A: sickness immunity, AC +11, big wings, negative energy resistance 1,
electricity resistance, torment resistance 1, petrification resistance
a: Renounce Religion


You were on level 2 of the Orcish Mines.
You worshipped Vehumet.
Vehumet was extremely pleased with you.
You visited 4 branches of the dungeon, and saw 21 of its levels.
You also visited: Sewer and Ice Cave.

You collected 3041 gold pieces.
You spent 240 gold pieces at shops.

Inventory:

Hand Weapons
 Q - the +8 mace "Anwijeu" (weapon) {venom, rC+ Int+3}
   (You bought it in a shop on level 2 of the Orcish Mines)

   Int:       It affects your intelligence (+3).
   rC:        It protects you from cold.
Missiles
 Z - a throwing net
Armour
 l - a +2 buckler (worn)
 u - a +0 pair of boots (worn)
 D - a +0 pair of gloves (worn)
 O - a +2 cloak of stealth (worn)
 W - the +2 helmet of Midnight (worn) {Contam rN++}
   (You found it in an ice cave)

   rN:        It greatly protects you from negative energy.
   Contam:    It causes magical contamination when unequipped.
 X - a +1 leather armour of resistance (worn)
 Y - a +2 tower shield of cold resistance
Jewellery
 g - a ring of willpower (right hand)
 t - a ring of magical power (left hand)
 y - a ring of protection from fire
 A - the ring "Sinat" {Contam rC++ MP+9 Int-3 Dex+6}
   (You found it in an ice cave)

   [ring of dexterity]

   Int:       It affects your intelligence (-3).
   Dex:       It affects your dexterity (+6).
   rC:        It greatly protects you from cold.
   MP:        It affects your magic capacity (+9).
   Contam:    It causes magical contamination when unequipped.
 P - a ring of magical power
 R - an amulet of regeneration (around neck)
 S - a ring of protection from fire
 T - a ring of resist corrosion
 U - a ring of wizardry
Wands
 d - a wand of iceblast (7)
 w - a wand of light (11)
 E - a wand of flame (33)
 F - a wand of mindburst (43)
 G - a wand of polymorph (10)
 N - a wand of charming (9)
Scrolls
 a - 2 scrolls of brand weapon
 e - 3 scrolls of magic mapping
 f - 9 scrolls of teleportation
 h - 3 scrolls of poison
 j - 4 scrolls of immolation
 q - 4 scrolls of amnesia
 x - a scroll of blinking
 B - a scroll of enchant armour
 C - 2 scrolls of fog
 H - 2 scrolls of butterflies
 I - 2 scrolls of vulnerability
 J - 2 scrolls of identify
 K - a scroll of enchant weapon
 V - 3 scrolls of torment
Potions
 c - 8 potions of curing
 i - 6 potions of ambrosia
 k - 2 potions of haste
 m - 3 potions of heal wounds
 n - 2 potions of attraction
 o - 4 potions of lignification
 p - 3 potions of berserk rage
 r - 2 potions of resistance
 s - 3 potions of might
 v - 4 potions of brilliance
 z - a potion of invisibility
 L - 3 potions of mutation
 M - 3 potions of cancellation


   Skills:
 + Level 11.3 Fighting
 - Level 5.0 Armour
 + Level 9.0 Dodging
 - Level 2.1 Stealth
 + Level 4.0 Shields
 + Level 12.1 Spellcasting
 - Level 13.0 Conjurations
 - Level 0.7 Transmutations
 - Level 15.0 Earth Magic


You had 20 spell levels left.
You knew the following spells:

 Your Spells              Type           Power      Damage    Failure   Level
a - Sandblast             Erth           100%       2d20      0%          1
b - Stone Arrow           Conj/Erth      100%       3d13      1%          3
c - Iskenderun's Mystic   Conj/Tloc      45%        2d10      1%          4
d - Lee's Rapid Deconstr  Erth           36%        3d18*     1%          5
e - Fireball              Conj/Fire      22%        3d10      3%          5

Your spell library contained the following spells:

 Spells                   Type           Power      Damage    Failure   Level
 Magic Dart               Conj           100%       1d8       1%          1
 Passwall                 Tmut/Erth      42%        N/A       1%          2
 Static Discharge         Conj/Air       90%        2-6/arc   1%          2
 Mephitic Cloud           Conj/Pois/Air  35%        N/A       1%          3
 Petrify                  Tmut/Erth      51%        N/A       2%          4
 Poisonous Vapours        Pois/Air       28%        N/A       3%          2
 Arcjolt                  Conj/Air       22%        1d32      3%          5
 Lightning Bolt           Conj/Air       22%        1d38      3%          5
 Call Imp                 Summ           14%        N/A       11%         2
 Portal Projectile        Hex/Tloc       28%        N/A       21%         3
 Tukima's Dance           Hex            14%        N/A       21%         3
 Vhi's Electric Charge    Tloc/Air       28%        N/A       21%         3
 Blade Hands              Tmut           9%         N/A       80%         5
 Cigotuvi's Dreadful Rot  Necr/Pois/Air  Unusable   N/A       N/A         2

Dungeon Overview and Level Annotations

Branches:
Dungeon (13/15)            Temple (1/1) D:6            Lair (5/5) D:11
  Swamp (0/4) Lair:3       Spider (0/4) Lair:3        Slime (0/5) Lair:4
    Orc (2/2) D:10            Elf (0/3) Orc:2         Sewer (visited)
  IceCv (visited)
 Vaults: D:13-14

Altars:
Ashenzari
Cheibriados
Dithmenos
Elyvilon
Fedhas
Gozag
Hepliaklqana
Kikubaaqudgha
Makhleb
Nemelex Xobeh
Okawaru
Qazlal
Ru
Sif Muna
Trog
Uskayaw
Vehumet
Wu Jian
Xom
Yredelemnul
Zin
The Shining One
Jiyva
Lugonu

Shops:
D:3 :   D:4 *   D:7 ?   D:9 [   D:10 [   D:12 [   Orc:1 :   Orc:2 ([

Portals:
Abyss: Lair:5

Annotations:
D:13 Rupert
Orc:2 Saint Roka


Innate Abilities, Weirdness & Mutations

You are immune to sickness and miasma.
Your stone body is resilient. (AC +11)
You are immune to poison.
Your large and strong wings let you fly.
You resist negative energy. (rN+)
You are resistant to electric shocks. (rElec)
You are resistant to unholy torment.
You are immune to petrification.


Message History

Confirm with . or Enter, or press ? or * to list all spells.
Aiming: Stone Arrow (safe; 1% risk of failure)
Press: ? - help, Shift-Dir - straight line, f/p - Saint Roka
Aim: Saint Roka, wielding a +0 battleaxe and wearing a +1 plate armour of poison resistance (severely wounded, 87% to hit)
The stone arrow hits Saint Roka!
Saint Roka is severely wounded.
The orc warrior hits you from afar with a +0 trident.
* * * LOW HITPOINT WARNING * * *
Saint Roka invokes the aid of Beogh against you.
Beogh smites you!
* * * LOW HITPOINT WARNING * * *
Unknown command.
Casting: Stone Arrow (safe; 1% risk of failure)
Confirm with . or Enter, or press ? or * to list all spells.
Aiming: Stone Arrow (safe; 1% risk of failure)
Press: ? - help, Shift-Dir - straight line, f/p - Saint Roka
Aim: Saint Roka, wielding a +0 battleaxe and wearing a +1 plate armour of poison resistance (severely wounded, 87% to hit)
The stone arrow hits Saint Roka!!
Saint Roka is almost dead.
The orc warrior no longer looks unusually strong.
The orc warrior hits you but does no damage.
Saint Roka roars a battlecry!
The orc warrior goes into a battle-frenzy!
Casting: Stone Arrow (safe; 1% risk of failure)
Confirm with . or Enter, or press ? or * to list all spells.
Aiming: Stone Arrow (safe; 1% risk of failure)
Press: ? - help, Shift-Dir - straight line, f/p - Saint Roka
Aim: Saint Roka, wielding a +0 battleaxe and wearing a +1 plate armour of poison resistance (almost dead, 87% to hit)
The stone arrow hits Saint Roka!!
Saint Roka is almost dead.
The orc warrior hits you from afar with a +0 trident!
* * * LOW HITPOINT WARNING * * *
Saint Roka hits you with a +0 battleaxe.
* * * LOW HITPOINT WARNING * * *
Blink to where?
Press: ? - help, Dir - move target, p - Saint Roka
As you read the scroll of blinking, it crumbles to dust.
Saint Roka invokes the aid of Beogh against you.
Beogh smites you!
You die...

#8.8#.#............[[[...[....###
#...#.#.............)oo........#
#...#.............)[[§.[......##
....#.#...........[..)......∩###
....#..##...................##.##
_..##.#.##......<...............#
#####............................
.....[#.#........................
##########......@................
........................
...#............#....#.#
..##....................
..#.#...................
.......................
........................
##.#.........#..........
.##................


You could see Saint Roka and an orc warrior (strong).

Vanquished Creatures
  An orc warlord (Orc:2)
  A reaper (IceCv)
  A hydra (Lair:4)
  Fannar (D:12)
  3 catoblepae
  4 boulder beetles
  A centaur warrior (D:13)
  4 two-headed ogres
  2 orc high priests (Orc:2)
  3 death yaks
  2 thrashing horrors (Lair:5)
  Urug (Orc:2)
  3 skeletal warriors (D:13)
  2 bog bodies (Lair:3)
  An oklob plant (D:8)
  6 ugly things
  3 cyclopes
  3 orc sorcerers
  A large abomination (Lair:5)
  15 elephants
  2 manticores
  Maurice (D:9)
  4 black mambas
  A smoke demon (Lair:5)
  9 cane toads
  An ice statue (IceCv)
  Maggie (D:6)
  2 unseen horrors
  4 rime drakes
  2 anaconda simulacra (IceCv)
  3 komodo dragons
  An ancient zyme (Lair:5)
  5 trolls
  24 blink frogs
  7 dream sheep (Lair:1)
  A jumping spider (Lair:3)
  A shadow (D:10)
  A slime creature (Lair:4)
  3 vampires
  A wraith (D:11)
  A culicivora (Lair:3)
  3 ynoxinuls (Lair:5)
  28 yaks
  2 chaos spawn (Lair:5)
  4 basilisks
  5 wyverns
  3 vampire mosquitoes
  A golden eye (shapeshifter) (Lair:5)
  2 death yak simulacra (IceCv)
  4 steam dragons
  A redback (Lair:3)
  4 wargs
  A harpy simulacrum (IceCv)
  Duvessa (D:6)
  2 acid dragons
  3 hydra simulacra (IceCv)
  11 water moccasins
  A sky beast (D:6)
  26 orc warriors
  A black bear (D:7)
  3 ice beasts
  11 small abominations (Lair:5)
  6 ogres
  13 wolves
  5 centaurs
  4 kobold brigands
  A phantom (D:6)
  11 bullfrogs
  2 necrophages
  A gnoll sergeant (D:9)
  7 two-headed ogre simulacra (IceCv)
  8 wights
  3 scorpions
  2 cane toad simulacra (IceCv)
  Dowan (D:6)
  2 elephant simulacra (IceCv)
  3 howler monkeys
  3 hounds
  4 jellies
  12 orc priests
  3 iguanas (D:7)
  3 gnoll boudas
  22 orc wizards
  A hell rat (Sewer)
  3 polar bear simulacra (IceCv)
  4 troll simulacra (IceCv)
  5 spriggan simulacra (IceCv)
  A wolf simulacrum (IceCv)
  10 gnolls
  6 naga simulacra (IceCv)
  4 adders
  A shadow imp (D:8)
  5 white imps (IceCv)
  7 ufetubi
  2 worms (D:3)
  4 dart slugs
  90 orcs
  4 bats
  9 endoplasms
  6 giant cockroaches
  4 goblins
  12 hobgoblins
  4 jackals (D:3)
  25 kobolds
  4 quokkas
  9 ball pythons
  11 frilled lizards
  12 rats
609 creatures vanquished.

Vanquished Creatures (others)
  An orc (Orc:2)
  29 fungi
  41 plants
71 creatures vanquished.

Grand Total: 680 creatures vanquished

Notes
Turn   | Place    | Note
-------+----------+-------------------------------------------
     0 | D:1      | cforsyth the Gargoyle Earth Elementalist began the quest
                  | for the Orb.
     0 | D:1      | Reached XP level 1. HP: 10/10 MP: 3/3
   201 | D:1      | Reached XP level 2. HP: 15/15 MP: 3/5
   228 | D:1      | Reached skill level 4 in Earth Magic
   497 | D:1      | Found a faded altar of an unknown god.
   553 | D:1      | Reached XP level 3. HP: 19/19 MP: 4/6
  1281 | D:2      | Reached XP level 4. HP: 24/24 MP: 6/8
  1827 | D:3      | Reached skill level 5 in Earth Magic
  1861 | D:3      | Identified the +0 scale mail of the Boiling Point {*Slow
                  | rCorr Str+3 Int+4}
  2092 | D:3      | Found Ucrio's Book Emporium.
  2121 | D:3      | Learned a level 3 spell: Stone Arrow
  2734 | D:4      | Found Wyusewad's Overcharged Wands.
  3080 | D:4      | Noticed an ogre
  3082 | D:4      | Killed an ogre
  3083 | D:4      | Reached skill level 1 in Conjurations
  3083 | D:4      | Reached XP level 5. HP: 28/28 MP: 3/10
  3452 | D:4      | Reached XP level 6. HP: 24/32 MP: 12/12
  3594 | D:4      | Identified the +0 barding of Liuna {rElec Str-5 Int+6}
  3603 | D:4      | Reached skill level 6 in Earth Magic
  4524 | D:5      | Entered Level 5 of the Dungeon
  4533 | D:4      | Reached XP level 7. HP: 28/36 MP: 13/13
  5134 | D:5      | Reached skill level 7 in Earth Magic
  5175 | D:5      | Reached skill level 5 in Spellcasting
  5515 | D:5      | Reached XP level 8. HP: 41/41 MP: 8/15
  6048 | D:6      | Found a glowing drain.
  6051 | D:6      | Noticed Dowan
  6058 | Sewer    | Entered a sewer
  6291 | D:6      | Noticed Duvessa
  6461 | D:6      | Reached skill level 5 in Conjurations
  6495 | D:6      | Reached skill level 8 in Earth Magic
  6769 | D:6      | Noticed Maggie
  6778 | D:6      | Killed Maggie
  7080 | D:6      | Reached XP level 9. HP: 45/45 MP: 17/18
  7222 | D:6      | Reached skill level 9 in Earth Magic
  7376 | D:6      | Killed Dowan
  7595 | D:6      | Killed Duvessa
  7751 | D:6      | Found a staircase to the Ecumenical Temple.
  7978 | D:7      | Noticed a troll
  7987 | D:7      | Killed a troll
  8534 | Temple   | Entered the Ecumenical Temple
  8600 | Temple   | Became a worshipper of Vehumet
  9398 | D:8      | Found a sparkling altar of Nemelex Xobeh.
  9462 | D:8      | Reached skill level 10 in Earth Magic
  9893 | D:8      | Identified the +1 mace of Wu Jian, Holding {drain, rPois
                  | Dex+2}
  9949 | D:8      | Found a blossoming altar of Fedhas.
  9963 | D:8      | Noticed an oklob plant
 10147 | D:8      | Killed an oklob plant
 10148 | D:8      | Reached skill level 1 in Fighting
 10148 | D:8      | Reached skill level 1 in Armour
 10148 | D:8      | Reached XP level 10. HP: 53/53 MP: 15/21
 11148 | D:7      | Reached * piety under Vehumet
 11148 | D:7      | Offered knowledge of Shock by Vehumet.
 11428 | D:7      | Killed an unseen horror
 11456 | D:7      | Found Nolexout's Magic Scroll Shoppe.
 11732 | D:8      | Found a basalt altar of Yredelemnul.
 11735 | D:8      | Found a stormy altar of Qazlal.
 11757 | D:8      | Found a hazy altar of Hepliaklqana.
 11762 | D:8      | Found a shimmering blue altar of Sif Muna.
 11946 | D:9      | Found a bloodstained altar of Trog.
 12231 | D:9      | Found Raivitim's Armour Shop.
 13064 | D:9      | Noticed Maurice
 13069 | D:9      | Killed Maurice
 13547 | D:9      | Reached skill level 11 in Earth Magic
 13857 | D:10     | Entered Level 10 of the Dungeon
 13945 | D:10     | Noticed a +0 hand axe
 13946 | D:10     | Found a hide-covered altar of Uskayaw.
 13947 | D:10     | Noticed a +0 dagger
 13957 | D:10     | Found a staircase to the Orcish Mines.
 13996 | D:10     | Found Bocvein's Armour Shoppe.
 14042 | D:10     | Noticed a two-headed ogre
 14049 | D:10     | Killed a two-headed ogre
 14050 | D:10     | Reached XP level 11. HP: 62/62 MP: 17/23
 14161 | D:10     | Noticed a two-headed ogre
 14169 | D:10     | Killed a two-headed ogre
 14170 | D:10     | Identified the +0 chain mail "Nicveduo" {rElec Int-5 Dex+2
                  | SInv}
 14608 | D:10     | Reached ** piety under Vehumet
 15023 | D:11     | Reached skill level 1 in Shields
 15026 | D:11     | Offered knowledge of Scorch by Vehumet.
 15290 | D:11     | Found a shimmering blue altar of Sif Muna.
 15363 | D:11     | Found a staircase to the Lair.
 15457 | D:11     | Reached skill level 5 in Armour
 15460 | D:11     | Reached skill level 5 in Fighting
 16060 | D:11     | Offered knowledge of Kindle Blastsparks by Vehumet.
 16476 | D:12     | Noticed a white ugly thing
 16486 | D:12     | Killed a white ugly thing
 16615 | D:12     | Noticed Fannar
 16623 | D:12     | Killed Fannar
 16761 | D:12     | Noticed a two-headed ogre
 16765 | D:12     | Killed a two-headed ogre
 16792 | D:12     | Noticed a cyclops
 16816 | D:12     | Reached skill level 12 in Earth Magic
 16824 | D:12     | Reached XP level 12. HP: 69/69 MP: 10/25
 17059 | D:12     | Reached skill level 5 in Dodging
 17059 | D:12     | Reached skill level 10 in Conjurations
 17207 | D:12     | Found Iklunu's Armour Emporium.
 17254 | D:12     | Identified a scroll of acquirement
 17257 | D:12     | Acquired 819 gold pieces
 17416 | D:12     | Reached *** piety under Vehumet
 17669 | D:12     | You fall into a shaft and drop 1 floor!
 17683 | D:13     | Noticed a two-headed ogre
 17688 | D:13     | Killed a two-headed ogre
 18840 | D:13     | Noticed Rupert
 18847 | D:13     | Noticed an ettin
 18964 | D:13     | Noticed a centaur warrior
 18966 | D:13     | Killed a centaur warrior
 19110 | D:13     | Noticed a boulder beetle
 19328 | D:13     | Killed a boulder beetle
 19938 | Lair:1   | Entered Level 1 of the Lair of Beasts
 20022 | Lair:1   | Found a frozen archway.
 20032 | IceCv    | Entered an ice cave
 20136 | IceCv    | Offered knowledge of Iskenderun's Mystic Blast by Vehumet.
 20194 | IceCv    | Learned a level 4 spell: Iskenderun's Mystic Blast
 20217 | IceCv    | Identified the +2 helmet of Midnight {Contam rN++}
 20263 | IceCv    | Reached skill level 13 in Earth Magic
 20317 | IceCv    | Identified the ring "Sinat" {Contam rC++ MP+9 Int-3 Dex+6}
 20580 | IceCv    | Reached skill level 10 in Spellcasting
 20654 | IceCv    | Reached **** piety under Vehumet
 20796 | IceCv    | Offered knowledge of Lee's Rapid Deconstruction by Vehumet.
 20806 | IceCv    | Learned a level 5 spell: Lee's Rapid Deconstruction
 20870 | IceCv    | Noticed a reaper
 20892 | IceCv    | Reached XP level 13. HP: 78/78 MP: 2/27
 21106 | IceCv    | Killed a reaper
 23725 | Lair:3   | Found a staircase to the Swamp.
 23869 | Lair:3   | Found a hole to the Spider Nest.
 24396 | Lair:3   | Reached ***** piety under Vehumet
 24396 | Lair:3   | Offered knowledge of Lightning Bolt by Vehumet.
 24676 | Lair:4   | Reached skill level 14 in Earth Magic
 25137 | Lair:4   | Gained mutation: Your large and strong wings let you fly.
                  | [Gargoyle growth]
 25137 | Lair:4   | Reached XP level 14. HP: 77/86 MP: 5/29
 26542 | Lair:4   | Found a staircase to the Slime Pits.
 26542 | Lair:4   | Found a viscous altar of Jiyva.
 26586 | Lair:4   | Reached skill level 10 in Fighting
 27116 | Lair:5   | Entered Level 5 of the Lair of Beasts
 28742 | Lair:5   | Reached skill level 15 in Earth Magic
 29205 | Lair:5   | Found a corrupted altar of Lugonu.
 29205 | Lair:5   | Found a one-way gate to the infinite horrors of the Abyss.
 29210 | Lair:5   | Identified the +8 hand crossbow of the Lost Beggars
                  | {freeze, Str+3}
 29543 | Orc:1    | Entered Level 1 of the Orcish Mines
 29545 | Orc:1    | Offered knowledge of Fireball by Vehumet.
 29554 | Orc:1    | Learned a level 5 spell: Fireball
 29611 | Orc:2    | Entered Level 2 of the Orcish Mines
 29823 | Orc:2    | Noticed Urug
 29830 | Orc:2    | Killed Urug
 30021 | Orc:2    | Found Qieno's Armour Boutique.
 30060 | Orc:1    | Found Apagifro's Book Shop.
 31019 | Orc:2    | Found Uwaanayc's Antique Weapon Shop.
 31024 | Orc:2    | Bought a scorched mace for 240 gold pieces
 31024 | Orc:2    | Identified the +8 mace "Anwijeu" {venom, rC+ Int+3} (You
                  | bought it in a shop on level 2 of the Orcish Mines)
 31144 | Orc:2    | Noticed an orc warlord
 31156 | Orc:2    | Killed an orc warlord
 31360 | Orc:1    | Reached XP level 15. HP: 92/94 MP: 31/31
 32263 | Orc:2    | Found a staircase to the Elven Halls.
 32347 | Orc:2    | Noticed Saint Roka
 32584 | Orc:2    | Killed from afar by Saint Roka

Illustrated notes

Levels and vault maps discovered:
D:1:      minmay_arrival_up_and_down, layout_loops_ring, basic_ecumenical_altar,
          minmay_lizard_pond
D:2:      layout_basic
D:3:      layout_loops_ring, serial_shops, nicolae_shop_stone
D:4:      layout_loops_corners, nicolae_shop_overcharged_wands
D:5:      layout_basic
D:6:      layout_basic, minmay_temple_entry_statues, portal_sewer_entry_f,
          uniq_maggie, uniq_duvessa
D:7:      minmay_opposing_rooms, layout_loops_corners, serial_shops, shop,
          kennysheep_another_room, nicolae_concentric_dashed_squares_mild,
          chequers_arboretum
D:8:      layout_rooms, mainiacjoe_overflow_boulevard, tgw_fedhas,
          grunt_temple_overflow_open
D:9:      layout_gridville, bloody_trog, serial_shops, shop, uniq_maurice
D:10:     layout_roguey [special_room_orc], dancing_weapons_uskayaw,
          orc_david_3, billiards_dpeg
D:11:     layout_stronghold, lair_entry_dummy, minmay_crystal_room,
          grunt_ministairs_8, nicolae_sif_muna_little_library
D:12:     layout_loops_ring, nicolae_stop_n_shop_2, dreamdust_princess_bridge,
          minmay_variable_closet, uniq_fannar
D:13:     kennysheep_scales, layout_layer_cave, led_xom_imps, uniq_rupert
Temple:   nicolae_temple_two_arcs
Lair:1:   layout_roguey, portal_ice_cave_rime
Lair:2:   layout_regular_city
Lair:3:   layout_regular_city, skrybe_swamp_entry_bodies,
          spider_nest_entry_funnel_web
Lair:4:   layout_cave_pods, minmay_slime_entry_pillars, minmay_holes,
          patterned_corridor, grunt_megastairs_1
Lair:5:   hellmonk_lair_end_abyssal_woods, layout_long_grid,
          serial_bayou_shore_a, grunt_megastairs_5
Orc:1:    layout_diamond_mine, serial_shops, nicolae_shop_advertising_works
          [nicolae_subvault_shop_adworks]
Orc:2:    grunt_orc_community_town_hall, layout_caves,
          grunt_orc_community_big_house_2, grunt_orc_community_big_house_2,
          grunt_orc_community_house_3, grunt_orc_community_house_3,
          grunt_orc_community_house_3, grunt_orc_community_house_3,
          grunt_orc_community_house_1, serial_shops, shop, uniq_urug

Skill      XL: |  1  2  3  4  5  6  7  8  9 10 11 12 13 14 15 |
---------------+----------------------------------------------+-----
Earth Magic    | 4 5 6 7 8 10 11 12 13 14 15 | 15.0
Spellcasting   | 3 4 5 6 7 8 9 10 11 12 | 12.1
Conjurations   | 1 2 3 4 6 7 9 11 12 13 | 13.0
Fighting       | 1 4 5 7 9 11 | 11.3
Armour         | 1 4 5 |  5.0
Dodging        | 2 3 4 6 7 8 9 |  9.0
Shields        | 2 3 4 |  4.0
Stealth        | |  2.1
Transmutations | |  0.7

Action                   |  1- 3 |  4- 6 |  7- 9 | 10-12 | 13-15 || total
-------------------------+-------+-------+-------+-------+-------++-------
Melee: Unarmed           |     2 |     1 |     2 |       |    20 ||    25
       Mace              |       |       |       |     3 |       ||     3
 Cast: Sandblast         |    44 |   105 |    65 |   150 |     1 ||   365
       Stone Arrow       |       |     2 |    68 |   259 |   595 ||   924
       Lee's Rapid Decon |       |       |       |    10 |    31 ||    41
       Iskenderun's Myst |       |       |       |       |     7 ||     7
       Fireball          |       |       |       |       |     3 ||     3
Evoke: Wand              |       |       |       |       |     1 ||     1
  Use: Scroll            |       |       |    10 |    19 |     7 ||    36
       Potion            |       |       |     2 |     1 |     3 ||     6
Armor: Robe              |     6 |     9 |    25 |       |       ||    40
       Steam dragon scal |       |       |     1 |    93 |       ||    94
       Leather armour    |       |       |       |       |   122 ||   122
Dodge: Dodged            |     8 |    30 |    38 |   107 |   157 ||   340
Block: Buckler           |       |       |       |    30 |    68 ||    98

Table legend: (Time is in decaauts)
 A = Elapsed time spent in this place.
 B = Non-inter-level travel time spent in this place.
 C = Inter-level travel time spent in this place.
 D = Time resting spent in this place.
 E = Time spent auto-exploring this place.
 F = Levels seen in this place.
 G = Mean time per level.
                   A        B        C        D        E       F      G
               +--------+--------+--------+--------+--------+-----+--------+
         Total |  32803 |  31756 |   1047 |  10716 |  16260 |  23 | 1426.2 |
       Dungeon |  19908 |  19162 |    746 |   7096 |   9269 |  13 | 1531.4 |
        Temple |     75 |     66 |      9 |      0 |     54 |   1 |   75.0 |
          Lair |   8213 |   7979 |    234 |   1261 |   5594 |   5 | 1642.6 |
  Orcish Mines |   3043 |   2986 |     57 |   1682 |    931 |   2 | 1521.5 |
         Sewer |    230 |    230 |      0 |    100 |     38 |   1 |  230.0 |
      Ice Cave |   1332 |   1332 |      0 |    577 |    373 |   1 | 1332.0 |
               +--------+--------+--------+--------+--------+-----+--------+

Top non-repeatable levels by time:
     D:7: 2439 daAuts
  Lair:5: 2252 daAuts
  Lair:4: 2078 daAuts
     D:6: 1950 daAuts
    D:13: 1744 daAuts
  Lair:3: 1741 daAuts
   Orc:1: 1680 daAuts
    D:12: 1679 daAuts
     D:9: 1641 daAuts
     D:4: 1561 daAuts
     D:5: 1498 daAuts
     D:3: 1468 daAuts
    D:11: 1446 daAuts
     D:8: 1403 daAuts
   Orc:2: 1363 daAuts
